 Dungeon Crawl Stone Soup version 0.22-a0-373-gab1296c (webtiles) character file.

20 Frostfox the Ruffian (level 2, 0/26 HPs)
             Began as a Ghoul Monk on Apr 25, 2018.
             Slain by a dart slug (1 damage)
             ... on level 1 of the Dungeon.
             The game lasted 00:01:50 (284 turns).

Frostfox the Ruffian (Ghoul Monk)                    Turns: 284, Time: 00:01:51

Health: 0/26       AC:  2    Str: 14    XL:     2   Next: 79%
Magic:  1/1        EV: 13    Int:  5    God:
Gold:   29         SH:  0    Dex: 11    Spells: 1/1 levels left

rFire    . . .     SeeInvis .     - Unarmed
rCold    + . .     Gourm    .   (no shield)
rNeg     + + +     Faith    .   a - +0 robe
rPois    ∞         Spirit   .   (no helmet)
rElec    .         Reflect  .   (no cloak)
rCorr    .         Harm     .   (no gloves)
MR       .....                  (no boots)
Stlth    ++........             (no amulet)
HPRegen  0.00/turn              (no ring)
MPRegen  0.07/turn              (no ring)

@: rotting
A: rotting body, claws 1, carnivore, cold resistance 1, negative energy
resistance 3, inhibited regeneration, torment resistance, unbreathing
a: no special abilities


You were on level 1 of the Dungeon.
You were not hungry.

You visited 1 branch of the dungeon, and saw 1 of its levels.

You collected 29 gold pieces.

Inventory:

Hand Weapons
 e - a +0 hunting sling
 g - a +0 whip
 i - a +0 spear
 n - a +0 dagger
 o - a +0 club
Missiles
 m - 16 arrows
Armour
 a - a +0 robe (worn)
 c - a +0 leather armour
Jewellery
 j - a +4 ring of protection {unknown}
Scrolls
 d - a scroll of fear {unknown}
 h - a scroll of fog {unknown}
 l - a scroll of enchant armour {unknown}
Comestibles
 b - 2 rations
 k - a chunk of flesh


   Skills:
 + Level 3.5 Fighting
 + Level 3.0 Dodging
 + Level 2.2 Stealth
 + Level 3.7 Unarmed Combat


You had one spell level left.
You didn't know any spells.

Dungeon Overview and Level Annotations

Branches:
Dungeon (1/15)

Altars:


Innate Abilities, Weirdness & Mutations

Your body is rotting away.
You thrive on raw meat.
You are immune to poison.
You have sharp fingernails.
You are carnivorous and can eat meat at any time.
Your flesh is cold resistant. (rC+)
You are immune to negative energy. (rN+++)
You do not regenerate when monsters are visible.
You are immune to unholy pain and torment.
You can survive without breathing.


Message History

* * * LOW HITPOINT WARNING * * *
The jackal misses you.
The jackal bites you but does no damage.
The jackal bites you but does no damage.
A dart slug comes into view.
A giant cockroach comes into view.
The jackal bites you.
* * * LOW HITPOINT WARNING * * *
The dart slug launches a dart at you. The slug dart misses you.
The slug dart misses the jackal.
The jackal bites you.
* * * LOW HITPOINT WARNING * * *
The dart slug closely misses you.
You scratch the dart slug.
The dart slug is severely wounded.
The jackal bites you but does no damage.
You scratch the dart slug but do no damage.
The dart slug is severely wounded.
The jackal closely misses you. The dart slug bites you.
You die...

.##...............####..##.......
#.#.....#####...#....##..#.#.....
###......######..###.............
...........## ##.#........#......
##...###....####...#.####....†...
...#######.....#.###.# #........
#......###........#..# ##.##...##
#†####.........s....####......##
#.# ######.#..w@h...........####
..# #....##................# ###
..##.##.##..........##.# #
....##..........#..#
#..###.............#
..............†...### ...
.................# ...
.................#
..###.#####....#


You could see a dart slug, a jackal and a giant cockroach.

Vanquished Creatures
  An ooze (D:1)
  2 dart slugs (D:1)
  3 goblins (D:1)
  A hobgoblin (D:1)
  A jackal (D:1)
  A frilled lizard (D:1)
  A kobold (D:1)
  2 rats (D:1)
12 creatures vanquished.

Notes
Turn   | Place    | Note
-------+----------+-------------------------------------------
     0 | D:1      | Frostfox the Ghoul Monk began the quest for the Orb.
     0 | D:1      | Reached XP level 1. HP: 19/19 MP: 0/0
    73 | D:1      | Reached XP level 2. HP: 18/26 MP: 1/1
   282 | D:1      | HP: 1/26 [jackal (3)]
   284 | D:1      | Slain by a dart slug

Vault maps used:
D:1:      dpeg_arrival_line_fractal, minmay_heptomino_o4

Skill      XL: |  1  2 |
---------------+-------+-----
Dodging        | 3 |  3.0
Fighting       | |  3.5
Stealth        | |  2.2
Unarmed Combat | |  3.7

Action                   || total
-------------------------++-------
Melee: Unarmed           ||    45
  Use: Potion            ||     1
  Eat: Chunk             ||     1
Armor: Robe              ||    12
Dodge: Dodged            ||    25

Table legend:
 A = Spawn XP
 B = Non-spawn XP
 C = Spawn XP percentage of total XP
 D = Spawn monster count
 E = Non-spawn monster count
 F = Spawn count percentage of total count
 G = Total turns spent on level
                    A         B        C        D         E        F      G
               +---------+---------+-------+---------+---------+-------+---------
         Total |       0 |      29 |   0.0 |       0 |      12 |   0.0 |   284
               +---------+---------+-------+---------+---------+-------+---------
           D:1 |       0 |      29 |   0.0 |       0 |      12 |   0.0 |   284
               +---------+---------+-------+---------+---------+-------+---------
